 Dungeon Crawl Stone Soup version 0.31.0-32-g396128a36d (webtiles) character file.

Game seed: 5156960726979592003

157862 Ahpoh the Metamorph (level 16, -15/201 HPs)
             Began as a Green Draconian Shapeshifter on Apr 22, 2024.
             Was the Champion of Wu Jian.
             Killed from afar by Roxanne (49 damage)
             ... with a crystal spear
             ... on level 1 of the Spider Nest.
             The game lasted 01:38:37 (27234 turns).

Ahpoh the Metamorph (Green Draconian Shapeshifter) Turns: 27234, Time: 01:38:37

Health: -15/201    AC: 17    Str: 40    XL:     16   Next: 86%
Magic:  14/14      EV:  9    Int: 12    God:    Wu Jian [******]
Gold:   3204       SH:  0    Dex:  6    Spells: 15/15 levels left

rFire   . .          .
                       - Unarmed
rCold   . . .        (shield currently unavailable)
rNeg    . . .        (body armour unavailable)
rPois   +            U - melded +1 hat {Will+}
rElec   .            (cloak currently unavailable)
rCorr   +            (gloves currently unavailable)
SInv    +            S - melded +1 pair of boots {rampage}
Will    ++...        O - amulet "Anocar" {Faith Rampage Str+4 Stlth-} Stlth
                     V - ring "Soufimonn" {Fly rPois rCorr Dex-5 Slay+4}
HPRegen 0.53/turn    t - ring of Edutravi {Will+ Str+3 SInv}
MPRegen 0.14/turn

%: rampage, faith
@: about to teleport, dragon-form, flying
A: dragon claw, dragon scales, flying, boosted hp, breathe noxious fumes, AC +9,
giant, unfitting armour, stinger 2, (poison resistance), (cold-blooded), low MP
1
}: 1/15 runes: decaying
a: Breathe Noxious Fumes, Begin Untransformation, Renounce Religion, Wall Jump,
Serpent's Lash, Heavenly Storm


You were on level 1 of the Spider Nest.
You worshipped Wu Jian.
Wu Jian was exalted by your worship.
You were a fearsome swamp dragon!
You visited 6 branches of the dungeon, and saw 26 of its levels.
You visited the Abyss 1 time.
You also visited: Ossuary, Gauntlet and Volcano.

You collected 3204 gold pieces.

Inventory:

Hand Weapons
 k - a +1 vampiric dagger
Missiles
 G - 5 throwing nets (quivered)
Armour
 S - a +1 pair of boots of rampaging (melded)
 U - a +1 hat of willpower (melded)
Jewellery
 m - an amulet of regeneration
 t - the ring of Edutravi (right foreclaw) {Will+ Str+3 SInv}
   (You acquired it on level 5 of the Lair of Beasts)

   [ring of willpower]

   Str+3:     It affects your strength (+3).
   Will+:     It increases your willpower.
   SInv:      It lets you see invisible.
 C - an amulet of faith
 K - an amulet of reflection
 O - the amulet "Anocar" (around neck) {Faith Rampage Str+4 Stlth-}
   (You found it on level 4 of the Lair of Beasts)

   [amulet of faith]

   Faith:     It allows you to gain divine favour quickly.
   Str+4:     It affects your strength (+4).
   Rampage:   It bestows one free step when moving towards enemies.
   Stlth-:    It makes you less stealthy.
 R - the amulet of Lies {+Inv rC- Regen+ Int+4 Dex+4}
   (You took it off a deep elf pyromancer on level 11 of the Dungeon)

   [amulet of regeneration]

   Int+4:     It affects your intelligence (+4).
   Dex+4:     It affects your dexterity (+4).
   rC-:       It makes you vulnerable to cold.
   +Inv:      It lets you turn invisible.
   Regen+:    It increases your rate of health regeneration.
 V - the ring "Soufimonn" (left foreclaw) {Fly rPois rCorr Dex-5 Slay+4}
   (You found it in a Gauntlet)

   [ring of slaying]

   Dex-5:     It affects your dexterity (-5).
   Slay+4:    It affects your accuracy & damage with ranged weapons and melee
   (+4).
   rPois:     It protects you from poison Fly: It grants you flight.
   rCorr:     It protects you from acid and corrosion.
 X - a ring of magical power
 Y - a ring of magical power
Talismans
 b - a beast talisman
 c - a flux talisman
 I - a dragon-blood talisman (active)
 J - a blade talisman
Wands
 d - a wand of mindburst (25)
 i - a wand of iceblast (22)
 F - a wand of flame (19)
 H - a wand of polymorph (4)
 Q - a wand of charming (6)
 Z - a wand of quicksilver (7)
Scrolls
 e - 7 scrolls of enchant armour
 h - 5 scrolls of revelation
 j - a scroll of identify
 n - 3 scrolls of amnesia
 o - a scroll of teleportation
 p - a scroll of silence {unknown}
 r - 4 scrolls of vulnerability
 u - 2 scrolls of fear
 x - 7 scrolls of immolation
 y - 3 scrolls of noise
 A - 3 scrolls of fog
 D - 4 scrolls of poison
 N - 3 scrolls of butterflies
 P - a scroll of blinking
Potions
 a - 6 potions of lignification
 g - 2 potions of resistance
 l - 6 potions of magic
 q - 5 potions of attraction
 s - 3 potions of curing
 v - a potion of cancellation
 w - 7 potions of brilliance
 z - a potion of haste
 B - 6 potions of enlightenment
 E - a potion of mutation
 L - 3 potions of degeneration
 M - a potion of might
 W - 3 potions of invisibility
Miscellaneous
 f - a lightning rod (4/4)
 T - a phantom mirror


   Skills:
 * Level 9.9 Fighting
 * Level 10.2 Dodging
 * Level 18.7 Unarmed Combat
 * Level 19.2 Shapeshifting


You had 15 spell levels left.
You didn't know any spells.
Your spell library contained the following spells:

 Spells                   Type           Power      Damage    Failure   Level
 Apportation              Tloc           0%         N/A       32%         1
 Freeze                   Ice            0%         1d3       32%         1
 Necrotise                Necr           0%         1d4       32%         1
 Shock                    Conj/Air       0%         1d3       32%         1
 Slow                     Hex            0%         N/A       32%         1
 Sting                    Conj/Alch      0%         1d3       32%         1
 Summon Small Mammal      Summ           0%         N/A       32%         1
 Call Imp                 Summ           0%         N/A       45%         2
 Ensorcelled Hibernation  Hex/Ice        0%         N/A       45%         2
 Jinxbite                 Hex            0%         N/A       45%         2
 Sublimation of Blood     Necr           0%         N/A       45%         2
 Confusing Touch          Hex            0%         N/A       69%         3
 Frozen Ramparts          Ice            0%         1d1       69%         3
 Fugue of the Fallen      Necr           0%         N/A       69%         3
 Hailstorm                Conj/Ice       0%         3d5       69%         3
 Sigil of Binding         Hex            0%         N/A       69%         3
 Swiftness                Air            0%         N/A       69%         3
 Vampiric Draining        Necr           0%         2d6       69%         3
 Airstrike                Air            0%         2d(0-16)  97%         4
 Anguish                  Hex/Necr       0%         N/A       97%         4
 Leda's Liquefaction      Alch/Erth      0%         N/A       97%         4
 Petrify                  Alch/Erth      0%         N/A       97%         4
 Alistair's Intoxication  Alch           0%         N/A       100%        5
 Borgnjor's Vile Clutch   Necr/Erth      0%         N/A       100%        5
 Lee's Rapid Deconstruct  Erth           0%         3d4*      100%        5
 Metabolic Englaciation   Hex/Ice        0%         N/A       100%        5
 Yara's Violent Unravell  Hex/Alch       0%         3d3       100%        5
 Bombard                  Conj/Erth      0%         9d1       100%        6
 Eringya's Noxious Bog    Alch           0%         4d6       100%        6
 Enfeeble                 Hex            0%         N/A       100%        7
 Summon Hydra             Summ           0%         N/A       100%        7


Dungeon Overview and Level Annotations

Branches:
Dungeon (13/15)            Temple (1/1) D:4            Lair (5/5) D:11
  Swamp (4/4) Lair:3       Spider (1/4) Lair:3        Slime (0/5) Lair:5
    Orc (2/2) D:9             Elf (0/3) Orc:2       Ossuary (visited)
Volcano (visited)         Gauntlet (visited)
 Vaults: D:13-14

Altars:
Ashenzari
Cheibriados
Dithmenos
Elyvilon
Fedhas
Gozag
Hepliaklqana
Kikubaaqudgha
Makhleb
Nemelex Xobeh
Okawaru
Qazlal
Ru
Sif Muna
Trog
Uskayaw
Vehumet
Wu Jian
Xom
Yredelemnul
Zin
The Shining One
Lugonu

Shops:
D:1 (   D:4 =   D:11 (   Orc:2 **[[

Portals:
Abyss: Lair:5

Annotations:
Lair:1 4 transporters, Consumeair16's ghost, journeyman GnWn
Spider:1 Roxanne


Innate Abilities, Weirdness & Mutations

You are a fearsome swamp dragon!
You have a powerful clawing attack.
Your giant scaled body is strong and resilient, but less evasive.
Your breath weapon is enhanced in this form.
You are flying.
Your maximum health is greatly increased.
Your armour is entirely melded.
You are incapable of wielding weapons or throwing items.
You can breathe blasts of noxious fumes.
Your lurid green scales are hard. (AC +9)
You cannot fit into any form of body armour.
Your tail ends in a sharp venomous barb.
((Your system is resistant to poisons. (rPois)))
((You are cold-blooded and may be slowed by cold attacks.))
Your magical capacity is low. (-10% MP)


Message History

The redback completely misses you.
The jumping spider pounces on you but does no damage.
The jumping spider bites you but does no damage.
The redback barely misses you.
The redback bites you but does no damage.
You hit Roxanne but do no damage.
Roxanne is heavily damaged.
You feel very sick. The jumping spider pounces on you.
The jumping spider bites you but does no damage.
The redback bites you!
You bite Roxanne!!
Roxanne is severely damaged.
You feel very sick. The redback bites you!
* * * LOW HITPOINT WARNING * * *
The jumping spider barely misses you. The jumping spider bites you.
* * * LOW HITPOINT WARNING * * *
You feel better.
The redback bites you but does no damage. x2
The jumping spider pounces on you but does no damage.
The jumping spider bites you.
* * * LOW HITPOINT WARNING * * *
The redback barely misses you. x2; The jumping spider leaps!
As you read the scroll of teleportation, it crumbles to dust.
You feel strangely unstable. The redback bites you!
* * * LOW HITPOINT WARNING * * *
The redback bites you but does no damage.
The jumping spider leaps!
You hit Roxanne.
You tail-slap Roxanne, but do no damage.
You bite Roxanne.
Roxanne is severely damaged.
The redback bites you!
* * * LOW HITPOINT WARNING * * *
The redback bites you!
* * * LOW HITPOINT WARNING * * *
Roxanne mumbles some strange words.
The crystal spear hits you!!!
You die...

.#. #^... ###....#.##...
....###.... #....#####..>.
....#.#...###...####.#^.##
##....#..##.#...#..#.<...#
#...............#..#...###
#......†.......##..#..^.##
.......s##...............#
...#...ss######......##..#
#..#ssD....##...#..##..
#...s8°.....#^#.##..#..
#........############.^
#......#... #.#.^..#....
###..(.#.>...# ^....#
###.. ....... ##


You could see Roxanne, a jumping spider, 2 tarantellas and 3 redbacks.

Vanquished Creatures
  A tentacled monstrosity (Swamp:2)
  Jorgrun (D:13)
  Rupert (Lair:5)
  The ghost of Agye the Tortoise, an adept MiBe of Trog (Swamp:3)
  A thorn hunter (Swamp:3)
  2 fenstrider witches
  A deep elf sorcerer (Abyss:2)
  7 eleionomae
  A minotaur (Gauntlet)
  6 bunyips
  A blizzard demon (Gauntlet)
  A shambling mangrove (Swamp:3)
  An ice dragon (Swamp:4)
  5 ghost crabs
  19 hydras
  A death knight (D:11)
  4 ogre magi
  10 alligators
  4 boulder beetles
  A dancing weapon (Volcano)
  An occultist (Volcano)
  15 two-headed ogres
  4 thrashing horrors
  An orc high priest (Orc:2)
  3 spriggans (Swamp:3)
  5 goliath frogs
  2 skysharks
  9 swamp dragons
  6 spriggan druids
  2 deep trolls (Orc:2)
  A large abomination (Lair:5)
  6 bog bodies
  4 deep elf pyromancers
  An orc knight (D:11)
  A wolf spider (Spider:1)
  3 orc sorcerers
  4 oklob plants (Lair:4)
  4 ugly things
  4 cyclopes
  3 will-o-the-wisps
  5 toenail golems (Volcano)
  3 elephants (Lair:2)
  A meliai (D:13)
  A manticore (D:13)
  2 smoke demons (Lair:5)
  4 black mambas
  18 cane toads
  3 torpor snails
  A minotaur zombie (Gauntlet)
  A rime drake (Lair:1)
  A yaktaur (D:11)
  A kobold demonologist (D:9)
  11 komodo dragons
  3 unseen horrors
  An efreet (Abyss:2)
  12 trolls
  5 hornets
  3 bloated husks
  4 polar bears
  5 tyrant leeches
  19 blink frogs
  A hornet (shapeshifter) (Lair:5)
  A tarantella (Spider:1)
  2 raiju
  3 jumping spiders
  A raiju (shapeshifter) (Lair:5)
  5 shadows
  2 ynoxinuls (Lair:5)
  4 wyverns
  12 small abominations
  2 wraiths
  3 vampires
  A hog (shapeshifter) (D:13)
  72 yaks
  5 humans (Volcano)
  2 steam dragons
  2 redbacks (Lair:3)
  6 basilisks
  2 wargs (Orc:1)
  13 vampire mosquitoes
  Menkaure (D:6)
  12 swamp worms
  4 acid dragons
  20 water moccasins
  6 swamp drakes (Swamp:4)
  4 ice beasts
  13 orc warriors
  3 black bears
  2 laughing skulls (D:10)
  21 ogres
  13 wolves
  3 centaurs
  2 phantoms
  9 bullfrogs
  A gnoll sergeant (D:6)
  16 scorpions
  14 wights
  3 killer bees (D:8)
  5 howler monkeys
  5 electric eels
  5 jellies
  4 centaur zombies (Ossuary)
  4 human zombies (Ossuary)
  2 bombardier beetles
  8 hounds
  A gnoll bouda (D:8)
  15 orc priests
  Crazy Yiuf (D:6)
  4 iguanas
  2 sleepcaps
  Ijyb (D:4)
  A scorpion zombie (Ossuary)
  20 orc wizards
  4 mummies
  9 gnolls
  6 adders
  A shadow imp (D:5)
  4 white imps
  An adder zombie (Ossuary)
  A dart slug (D:1)
  A ribbon worm (D:2)
  49 orcs
  9 endoplasms
  6 giant cockroaches
  3 gnoll zombies (Ossuary)
  2 goblins
  4 hobgoblins
  3 quokkas
  7 ball pythons
  4 bats (D:1)
  5 frilled lizards
  5 jackal zombies (Ossuary)
  8 kobolds
  An orc zombie (Ossuary)
  4 rats
753 creatures vanquished.

Vanquished Creatures (others)
  An occultist (Volcano)
  A will-o-the-wisp (Swamp:2)
  A bloated husk (Swamp:2)
  2 electric eels (D:11)
  11 foxfires
  2 starspawn tentacles (Abyss:2)
18 creatures vanquished.

Grand Total: 771 creatures vanquished

Notes
Turn   | Place    | Note
-------+----------+-------------------------------------------
     0 | D:1      | Ahpoh the Draconian Shapeshifter began the quest for the
                  | Orb.
     0 | D:1      | Reached XP level 1. HP: 16/16 MP: 1/1
     6 | D:1      | Noticed a boulder beetle
     6 | D:1      | Noticed a polar bear
     6 | D:1      | Noticed an anaconda
     7 | D:1      | Noticed a swamp worm
     7 | D:1      | Noticed a snapping turtle
   150 | D:1      | Reached XP level 2. HP: 23/23 MP: 2/2
   354 | D:1      | Found Yfympol's Antique Weapon Emporium.
   801 | D:2      | Reached XP level 3. HP: 28/28 MP: 3/3
   933 | D:2      | Found a shimmering altar of Xom.
  1854 | D:3      | Identified the +6 hand axe of Karma {drain, *Noise +Blink
                  | rElec rC+++}
  1880 | D:3      | Identified the +9 sling "Otalidd" {heavy, rPois}
  1990 | D:3      | Reached XP level 4. HP: 36/36 MP: 4/4
  2388 | D:4      | Reached XP level 5. HP: 41/41 MP: 5/5
  2563 | D:4      | Found a staircase to the Ecumenical Temple.
  2579 | Temple   | Entered the Ecumenical Temple
  2727 | Temple   | Became a worshipper of the Wu Jian Council
  2859 | D:4      | Reached skill level 5 in Unarmed Combat
  2864 | D:4      | Reached XP level 6. HP: 50/50 MP: 6/6
  2970 | D:4      | Reached skill level 4 in Shapeshifting
  3099 | D:4      | Noticed Ijyb
  3116 | D:4      | Killed Ijyb
  3221 | D:4      | Found a burning altar of Makhleb.
  3598 | D:4      | Found Fumirhog's Jewellery Shoppe.
  3674 | D:5      | Entered Level 5 of the Dungeon
  3706 | D:5      | Your scales start taking on a lurid green colour.
  3706 | D:5      | Reached XP level 7. HP: 56/56 MP: 7/7
  3706 | D:5      | Gained mutation: Your system is resistant to poisons.
                  | (rPois) [Green Draconian growth]
  4583 | D:6      | Reached XP level 8. HP: 62/63 MP: 8/8
  4652 | D:6      | Reached skill level 5 in Shapeshifting
  4656 | D:6      | Reached * piety under Wu Jian
  4762 | D:6      | Found a sand-covered staircase.
  4770 | Ossuary  | Entered an ossuary
  4931 | Ossuary  | Reached XP level 9. HP: 71/71 MP: 9/9
  5003 | Ossuary  | Reached ** piety under Wu Jian
  5188 | D:6      | Found a hide-covered altar of Uskayaw.
  5193 | D:6      | Noticed Menkaure
  5206 | D:6      | Killed Menkaure
  5207 | D:6      | Reached skill level 10 in Unarmed Combat
  5282 | D:6      | Found Dyuf's Distillery.
  5552 | D:6      | Found a runed translucent door.
  5553 | D:6      | Noticed Crazy Yiuf
  5559 | D:6      | Killed Crazy Yiuf
  5641 | D:6      | Reached skill level 5 in Dodging
  5914 | D:7      | Found a shimmering altar of Xom.
  6027 | D:7      | Reached skill level 5 in Fighting
  6282 | D:7      | Reached skill level 6 in Shapeshifting
  7140 | D:8      | Reached XP level 10. HP: 71/81 MP: 10/10
  7192 | D:8      | Reached *** piety under Wu Jian
  7414 | D:8      | Found a glowing golden altar of the Shining One.
  7472 | D:8      | Reached skill level 7 in Shapeshifting
  8156 | D:8      | Reached skill level 8 in Shapeshifting
  8254 | D:8      | Reached skill level 9 in Shapeshifting
  8408 | D:9      | Reached skill level 10 in Shapeshifting
  8408 | D:9      | Found a staircase to the Orcish Mines.
  8481 | D:9      | Found a basalt altar of Yredelemnul.
  8487 | D:9      | Noticed a rust devil
  8494 | D:9      | Noticed a sixfirhy
  8621 | D:9      | Noticed a boulder beetle
  8635 | D:9      | Killed a boulder beetle
  8636 | D:9      | Reached XP level 11. HP: 63/88 MP: 11/11
  8820 | D:10     | Entered Level 10 of the Dungeon
  8870 | D:10     | Reached **** piety under Wu Jian
  9273 | D:10     | Found a shadowy altar of Dithmenos.
  9318 | D:10     | Found an ancient bone altar of Kikubaaqudgha.
  9541 | D:10     | Reached skill level 11 in Shapeshifting
  9807 | D:11     | Noticed a boulder beetle
  9808 | D:11     | Noticed a two-headed ogre
  9831 | D:11     | Killed a boulder beetle
  9844 | D:11     | Found a staircase to the Lair.
  9924 | D:11     | Killed a two-headed ogre
 10412 | D:12     | Noticed a white ugly thing
 10452 | D:11     | Noticed a two-headed ogre
 10457 | D:11     | Killed a two-headed ogre
 10458 | D:11     | Reached skill level 12 in Shapeshifting
 10565 | D:11     | Noticed a two-headed ogre
 10574 | D:11     | Killed a two-headed ogre
 10576 | D:11     | Noticed a deep elf pyromancer
 10599 | D:11     | Killed a deep elf pyromancer
 10629 | D:11     | Noticed a boulder beetle
 10664 | D:11     | Killed a boulder beetle
 10665 | D:11     | Reached skill level 13 in Shapeshifting
 10738 | D:11     | Noticed a boulder beetle
 10766 | D:11     | Killed a boulder beetle
 10812 | D:11     | Noticed a four-headed hydra
 10812 | D:11     | Noticed a two-headed ogre
 10884 | D:11     | Noticed an ogre mage
 10892 | D:11     | Noticed a red ugly thing
 10903 | D:11     | Noticed an ogre mage
 10968 | D:11     | Paralysed by an ogre mage for 5 turns
 10969 | D:11     | Identified the +0 plate armour of Ifuav {Rampage rElec rF+
                  | Stlth+}
 10969 | D:11     | Noticed a death knight
 11144 | D:10     | Killed an ogre mage
 11195 | D:11     | Killed an ogre mage
 11196 | D:11     | Reached XP level 12. HP: 63/94 MP: 12/12
 11260 | D:11     | Killed a death knight
 11261 | D:11     | Reached skill level 14 in Shapeshifting
 11287 | D:11     | Found Waunuw's Antique Weapon Boutique.
 11324 | D:11     | Killed an eight-headed hydra
 11405 | D:11     | Identified the amulet of Lies {+Inv rC- Regen+ Int+4 Dex+4}
 11476 | D:11     | Killed a two-headed ogre
 11531 | D:11     | Reached skill level 15 in Shapeshifting
 12356 | D:12     | Noticed a two-headed ogre
 12366 | D:12     | Killed a two-headed ogre
 12584 | D:12     | Reached skill level 16 in Shapeshifting
 12586 | D:12     | Found a shimmering blue altar of Sif Muna.
 12736 | D:13     | Noticed Jorgrun
 12742 | D:13     | Killed Jorgrun
 12776 | D:13     | Reached ***** piety under Wu Jian
 12833 | D:13     | Reached XP level 13. HP: 100/100 MP: 13/13
 13110 | Lair:1   | Entered Level 1 of the Lair of Beasts
 13307 | Lair:1   | Found a gate leading to a gauntlet.
 13319 | Lair:1   | Found a transporter.
 13332 | Gauntlet | Entered a Gauntlet
 13332 | Gauntlet | Found a transporter.
 13332 | Gauntlet | Found a transporter.
 13332 | Gauntlet | Found a transporter.
 13343 | Gauntlet | Found a transporter.
 13359 | Gauntlet | Found a transporter.
 13371 | Gauntlet | Found a transporter.
 13381 | Gauntlet | Found a transporter.
 13398 | Gauntlet | Found a transporter.
 13401 | Gauntlet | Found a transporter.
 13414 | Gauntlet | Noticed a blizzard demon
 13418 | Gauntlet | Found a transporter.
 13440 | Gauntlet | Found a transporter.
 13489 | Gauntlet | Found a transporter.
 13581 | Gauntlet | Identified the ring "Soufimonn" {Fly rPois rCorr Dex-5
                  | Slay+4}
 13618 | Gauntlet | Killed a blizzard demon
 13618 | Gauntlet | Reached skill level 17 in Shapeshifting
 13652 | Gauntlet | Noticed a minotaur
 13656 | Gauntlet | Killed a minotaur
 13661 | Gauntlet | Identified the orb of Insurance {light, Stlth+}
 13661 | Gauntlet | Identified the staff "Hereculip" {rF+ Will+ Air Earth
                  | Alchemy}
 13715 | Lair:1   | You are sucked into a shaft and drop 1 floor!
 13870 | Lair:1   | Found a transporter.
 14191 | Lair:1   | Found a transporter.
 14194 | Lair:1   | Found a transporter.
 14194 | Lair:1   | Noticed Consumeair16's ghost (journeyman GnWn)
 14558 | Lair:2   | Identified the +0 ring mail "Podiptics" {*Corrode rPois
                  | Regen+ Str+6}
 15401 | Lair:3   | Identified 2 scrolls of acquirement
 15432 | Lair:3   | Gained mutation: Your tail ends in a venomous barb. [Green
                  | Draconian growth]
 15432 | Lair:3   | Reached XP level 14. HP: 111/111 MP: 14/14
 15525 | Lair:3   | Found a hole to the Spider Nest.
 16071 | Lair:3   | Found a staircase to the Swamp.
 16661 | Lair:4   | Reached ****** piety under Wu Jian
 17268 | Lair:4   | Identified the amulet "Anocar" {Faith Rampage Str+4 Stlth-}
 17331 | Lair:5   | Entered Level 5 of the Lair of Beasts
 17333 | Lair:5   | Found a dark tunnel.
 17346 | Volcano  | Entered a volcano
 17680 | Abyss:2  | Cast into level 2 of the Abyss (an occultist)
 17721 | Abyss:2  | Noticed a deep elf sorcerer
 17757 | Abyss:2  | Noticed a tentacled starspawn
 17763 | Abyss:2  | Gained mutation: You are clumsy. (Dex -2) [a neqoxec]
 17770 | Abyss:2  | Killed a deep elf sorcerer
 17776 | Abyss:3  | Noticed a profane servitor
 17793 | Volcano  | Escaped the Abyss
 18511 | Lair:5   | Reached skill level 15 in Unarmed Combat
 18987 | Lair:5   | Found a staircase to the Slime Pits.
 19450 | Lair:5   | Reached skill level 18 in Shapeshifting
 19632 | Lair:5   | Reached XP level 15. HP: 96/121 MP: 15/15
 19642 | Lair:5   | Acquired 816 gold pieces
 19644 | Lair:5   | Acquired the ring of Edutravi {Will+ Str+3 SInv}
 20024 | Lair:5   | Found a corrupted altar of Lugonu.
 20024 | Lair:5   | Found a one-way gate to the infinite horrors of the Abyss.
 20025 | Lair:5   | Identified the ring "Ommevvej" {rPois MP+9 Int+4 Stlth+}
 20345 | Lair:5   | Identified the maw talisman "Pasoic" {rElec rC- Str+3 SInv}
 20345 | Lair:5   | Noticed Rupert
 20349 | Lair:5   | Killed Rupert
 20416 | Swamp:1  | Entered Level 1 of the Swamp
 21643 | Swamp:2  | Noticed a fenstrider witch
 21654 | Swamp:2  | Killed a fenstrider witch
 22343 | Swamp:2  | Noticed a tentacled monstrosity
 22643 | Swamp:2  | Killed a tentacled monstrosity
 23220 | Swamp:3  | Found a runed translucent door.
 23220 | Swamp:3  | Noticed Agye's ghost (adept MiBe)
 23251 | Swamp:3  | Lost mutation: You are clumsy. (Dex -2) [potion of
                  | mutation]
 23251 | Swamp:3  | Gained mutation: Your magical capacity is low. (-10% MP)
                  | [potion of mutation]
 23251 | Swamp:3  | Gained mutation: Your tail ends in a sharp venomous barb.
                  | [potion of mutation]
 23261 | Swamp:3  | Killed Agye's ghost
 23672 | Swamp:3  | Noticed a thorn hunter
 23679 | Swamp:3  | Killed a thorn hunter
 23754 | Swamp:3  | Reached XP level 16. HP: 132/132 MP: 14/14
 24156 | Swamp:4  | Entered Level 4 of the Swamp
 24223 | Swamp:4  | HP: 9/198 [eight-headed hydra (20)]
 24224 | Swamp:4  | HP: 1/198 [eight-headed hydra (4)]
 25358 | Swamp:4  | Got a decaying rune of Zot
 25377 | Swamp:4  | Reached skill level 19 in Shapeshifting
 25755 | Orc:1    | Entered Level 1 of the Orcish Mines
 26062 | Orc:1    | Reached skill level 10 in Dodging
 26434 | Orc:2    | Entered Level 2 of the Orcish Mines
 26536 | Orc:2    | Found a staircase to the Elven Halls.
 26571 | Orc:2    | Found Enohio's Assorted Antiques.
 26590 | Orc:2    | Found Wethat's Armour Shoppe.
 26592 | Orc:2    | Found Fomuo's General Store.
 26863 | Orc:2    | Found Tefalei's Antique Armour Emporium.
 27178 | Spider:1 | Entered Level 1 of the Spider Nest
 27223 | Spider:1 | Noticed Roxanne
 27234 | Spider:1 | Killed from afar by Roxanne

Illustrated notes

Levels and vault maps discovered:
D:1:      onia_arrival_zoo_common, layout_loops_cross, serial_shops, shop
D:2:      layout_loops_ring, basic_altar, kennysheep_nondescript
D:3:      layout_basic
D:4:      layout_basic, lightli_temple_of_fire, minmay_temple_entry_arrows,
          minmay_shop_enchanted_jewellery, kennysheep_minor_cross,
          nicolae_the_louvre, uniq_ijyb
D:5:      layout_cave_pods
D:6:      layout_loops_cross, overflow_temple_1_default,
          gup_ossuary_entry_pyramid, serial_shops, nicolae_shop_window_shopping,
          uniq_menkaure, uniq_crazy_yiuf_cottage
D:7:      layout_layer_cave, lemuel_doored_altar, kennysheep_small_circle
D:8:      layout_basic, tso_oasis_becter
D:9:      argonaut_augean_stables, layout_loops_cross,
          mainiacjoe_overflow_cross_hatched, david_orc_3
D:10:     layout_long_grid, mainiacjoe_overflow_alcove_2,
          grunt_dithmenos_shadows, grunt_decor_cap
D:11:     layout_basic, erik_lair_island, serial_rivers,
          chequers_serial_rivers_small_b, chequers_serial_rivers_large_b,
          chequers_serial_rivers_micro_b, chequers_serial_rivers_micro_c,
          serial_shops, nicolae_shop_scrapyard, minmay_the_grid_2x2
          [minmay_the_grid_doors, minmay_the_grid_stretched_grid,
          minmay_the_grid_tiny_cups,
          minmay_the_grid_prize_four_corners_diamond_a]
D:12:     layout_roguey, st_stairs_10, kennysheep_orc_sif_temple
D:13:     layout_rooms, david_vaults_5, nemelex_diamond_rough_becter,
          uniq_jorgrun
Temple:   eino_wide_crystal_templ
Lair:1:   gammafunk_cloud_chamber, layout_cave_pods, gauntlet_entry_generic,
          gammafunk_ghost_hive, portal_ice_cave_entry_pillars_2,
          grunt_megastairs_1
Lair:2:   layout_loops_ring
Lair:3:   layout_chaotic_city, minmay_swamp_entry_reptiles, spider_nest_entry_a,
          pdpol_lair_cavern_descent
Lair:4:   minmay_lair_oklob_tunnel, layout_cave_shapes, grunt_megastairs_3
Lair:5:   hellmonk_lair_end_abyssal_woods, layout_loops_ring,
          nicolae_slime_entry_field_trip, nicolae_volcano_entry_hallway,
          uniq_rupert
Swamp:1:  layout_falls_marsh, nicolae_swamp_well_well_well
Swamp:2:  layout_basic_swamp, nicolae_swamp_rocky_clearing, swamp_pool_1_2
Swamp:3:  layout_falls_marsh, gammafunk_ghost_grave, hangedman_swamp_ruin_wall
Swamp:4:  swamp_alternative, layout_basic_swamp,
          nicolae_swamp_decorative_isthmus
Spider:1: layout_spider_delve, drop_trap, nicolae_spider_swamp_cousins,
          uniq_roxanne, uniq_agnes
Orc:1:    layout_caves
Orc:2:    st_orc_open, layout_diamond_mine, nicolae_orc_rockfall

Skill      XL: |  1  2  3  4  5  6  7  8  9 10 11 12 13 14 15 16 |
---------------+-------------------------------------------------+-----
Dodging        | 2 3 4 5 6 8 9 10 | 10.2
Unarmed Combat | 4 5 6 7 9 11 13 15 17 18 | 18.7
Fighting       | 2 3 4 5 6 7 9 |  9.9
Shapeshifting  | 4 5 6 10 13 16 17 18 19 | 19.2

Action                     |  1- 3 |  4- 6 |  7- 9 | 10-12 | 13-15 | 16-18 || total
---------------------------+-------+-------+-------+-------+-------+-------++-------
  Melee: Unarmed           |   105 |   104 |   332 |   500 |   779 |   252 ||  2072
         Tailslap          |    13 |    14 |    57 |    91 |   105 |    32 ||   312
         Punch             |     1 |       |    17 |     5 |    53 |    17 ||    93
         Bite              |       |       |       |    10 |    92 |    20 ||   122
  Throw: Throwing net      |       |       |     1 |       |       |       ||     1
 Invoke: Serpent's Lash    |       |       |       |     7 |     6 |     2 ||    15
         Heavenly Storm    |       |       |       |       |       |     1 ||     1
Ability: Lunge             |       |     3 |    27 |    53 |    80 |    52 ||   215
         Breathe Noxious F |       |       |     3 |    14 |    12 |     1 ||    30
         Whirlwind         |       |       |    11 |    22 |    94 |    51 ||   178
         Wall Jump         |       |       |       |     1 |     1 |     3 ||     5
  Evoke: Wand              |       |       |       |     3 |       |     2 ||     5
         Phantom mirror    |       |       |       |     1 |       |       ||     1
    Use: Scroll            |     4 |       |     6 |     8 |    14 |     6 ||    38
         Potion            |       |       |       |     2 |     8 |     9 ||    19
   Stab: Sleeping          |     1 |       |     2 |     1 |       |       ||     4
         Confused          |       |       |     2 |     3 |       |       ||     5
         Distracted        |       |       |     1 |       |     1 |       ||     2
 Armour: Skin              |    72 |    43 |   157 |   274 |   725 |   209 ||  1480
  Dodge: Dodged            |    81 |    54 |   143 |   329 |   330 |    75 ||  1012
   Form: Flux              |       |       |       |     1 |       |       ||     1
         Dragon            |       |       |       |     2 |       |       ||     2
                           |       |       |       |     1 |       |       ||     1
